AoeStats
← filip

Arabia

507064010Analyzed
2v2 RM · 15d ago on Sep 16, 2026· 37m 19s· 4 players
Game mode
Random Map
Map size
Medium (4 player)
Population
200
Speed
Normal
Resources
Standard
Victory
Conquest
Starting age
Dark Age
Ending age
Imperial Age
RankedLock teamsTeams togetherTeam positionsShared explorationLock speedFull tech treeHidden civsTurbo modeCheats
Victory
Defeat
🇨🇦 Mongols · Canada
1068
+16
🇵🇱 Byzantines · Poland
1050
+16
🇨🇱 Lithuanians · Chile
1058
-16
🇨🇱 Maya · Chile
1058
-16
Weebi
5:52 Loom
8:18 Feudal Age
8:57 Double-Bit Axe
9:48 Double-Bit Axe
11:18 Horse Collar
20:44 Castle Age
19:02 Gold Mining
20:23 Bloodlines
21:22 Scale Barding Armor
21:27 Forging
22:34 Bow Saw
24:19 Chain Barding Armor
25:23 Wheelbarrow
30:35 Husbandry
31:40 Town Watch
34:11 Iron Casting
34:36 Gold Shaft Mining
35:51 Hand Cart
Kobas394
10:35 Feudal Age
10:24 Loom
11:07 Double-Bit Axe
11:17 Horse Collar
11:31 Gold Mining
15:43 Man-at-Arms
17:49 Fletching
18:48 Padded Archer Armor
19:00 Scale Mail Armor
21:26 Wheelbarrow
24:47 Castle Age
26:34 Castle Age
26:25 Stone Mining
26:39 Elite Skirmisher
27:15 Bodkin Arrow
26:42 Pikeman
28:10 Bow Saw
28:05 Heavy Plow
28:23 Hand Cart
28:43 Chain Mail Armor
30:14 Squires
30:35 Leather Archer Armor
33:06 Thumb Ring
35:55 Imperial Age
filip
5:26 Loom
9:19 Feudal Age
11:31 Town Watch
12:47 Double-Bit Axe
22:13 Castle Age
20:32 Padded Archer Armor
22:43 Fletching
22:33 Crossbowman
23:40 Leather Archer Armor
27:48 Town Patrol
28:25 Elite Skirmisher
RickOP
9:46 Feudal Age
9:41 Loom
12:41 Double-Bit Axe
14:04 Horse Collar
23:02 Castle Age
22:48 Bloodlines
23:07 Forging
23:02 Scale Barding Armor
24:01 Husbandry
24:12 Bow Saw
23:54 Gold Mining
25:48 Iron Casting
33:07 Wheelbarrow
32:34 Heavy Plow
34:23 Hand Cart
33:59 Stone Mining
34:34 Town Watch
35:31 Chain Barding Armor
Connection lost

Rejoining the realm…

Still unreachable

The connection could not be restored.

Session expired

The server has moved on; the page needs a fresh start.